| TOP OF THE 1ST |
|
Great Lakes Loons batting - Pitching for Hartford Yard Goats : LHP Jared Lummus
|
|
Pitching: LHP Jared Lummus
|
|
|
Batting: RHB Theo Schepers
|
0-0: Bunt for hit to 13S - play at first, batter safe!
|
|
Batting: LHB Jay Fenderson
|
0-0: Swinging Strike 0-1: Foul Ball, location: 2F 0-2: Ball 1-2: Strikes out swinging
|
|
Batting: SHB Todd Hewitt
|
0-0: Ball 1-0: Ball 2-0: Ball 3-0: Called Strike 3-1: Base on Balls Theo Schepers to second
|
|
Batting: RHB Blake Beale
|
0-0: Ball 1-0: Fielders Choice at 2nd, 1-6 (Groundball, 34S, EV 75.6 MPH) Theo Schepers to third
|
|
Batting: RHB Mario Gonzales
|
0-0: Ball 1-0: Called Strike 1-1: SINGLE (Line Drive, 78S, EV 95.6 MPH) Theo Schepers scores Blake Beale to second
|
|
Batting: LHB Stephen Van Raalte
|
0-0: Ball 1-0: Ball 2-0: Ball 3-0: Base on Balls Blake Beale to third Mario Gonzales to second
|
|
Batting: RHB Ryan Alban
|
0-0: Ball 1-0: Ball 2-0: Ball 3-0: Called Strike 3-1: Foul Ball, location: 2F 3-2: Base on Balls Blake Beale scores Mario Gonzales to third Stephen Van Raalte to second
|
|
Batting: RHB Devon Fourcade
|
0-0: Ball 1-0: Ball 2-0: Ball 3-0: Called Strike 3-1: Foul Ball, location: 2F 3-2: Strikes out swinging
|
| Top of the 1st over - 2 runs, 2 hits, 0 errors, 3 left on base; Great Lakes 2 - Hartford 0 |
| BOTTOM OF THE 1ST |
|
Hartford Yard Goats batting - Pitching for Great Lakes Loons : RHP Justin Gasper
|
|
Pitching: RHP Justin Gasper
|
|
|
Batting: RHB Ryan Rinaldi
|
0-0: Called Strike 0-1: Ball 1-1: Ball 2-1: Ball 3-1: Called Strike 3-2: Foul Ball, location: 2F 3-2: Base on Balls
|
|
Batting: LHB Roy Riess
|
0-0: Ball 1-0: Ball Ryan Rinaldi steals 2nd base 2-0: Called Strike 2-1: Called Strike 2-2: Ball 3-2: SINGLE (Groundball, 34D, EV 100.6 MPH) Ryan Rinaldi to third
|
|
Batting: LHB Chris Salim
|
0-0: SINGLE (Line Drive, 7S, EV 101.2 MPH) Ryan Rinaldi scores Roy Riess to second
|
|
Batting: RHB Henry Alvizo
|
0-0: Called Strike 0-1: Swinging Strike 0-2: Foul Ball, location: 2F 0-2: Foul Ball, location: 2F 0-2: Ball 1-2: Strikes out swinging
|
|
Batting: SHB Morgan Batson
|
0-0: Called Strike Roy Riess is caught stealing 3rd base 2-5 Chris Salim to second 0-1: Ground out 3-1 (Groundball, 34, EV 90.0 MPH)
|
| Bottom of the 1st over - 1 run, 2 hits, 0 errors, 1 left on base; Great Lakes 2 - Hartford 1 |
| TOP OF THE 2ND |
|
Great Lakes Loons batting - Pitching for Hartford Yard Goats : LHP Jared Lummus
|
|
Batting: RHB Roger Simmons
|
0-0: Called Strike 0-1: Ball 1-1: Swinging Strike 1-2: Strikes out looking
|
|
Batting: RHB Theo Schepers
|
0-0: Ground out 5-3 (Groundball, 5S, EV 66.9 MPH)
|
|
Batting: LHB Jay Fenderson
|
0-0: Ball 1-0: Swinging Strike 1-1: Foul Ball, location: 2F 1-2: Ball 2-2: Strikes out swinging
|
| Top of the 2nd over - 0 runs, 0 hits, 0 errors, 0 left on base; Great Lakes 2 - Hartford 1 |
| BOTTOM OF THE 2ND |
|
Hartford Yard Goats batting - Pitching for Great Lakes Loons : RHP Justin Gasper
|
|
Batting: RHB Bobby Gulsby
|
0-0: Ball 1-0: Ball 2-0: Fly out, F9 (Flyball, 9LS, EV 97.5 MPH)
|
|
Batting: RHB Elias Urbina
|
0-0: Ball 1-0: Ball 2-0: Ball 3-0: Base on Balls
|
|
Batting: RHB Mike Manchester
|
0-0: Ball Elias Urbina steals 2nd base 1-0: Ground out 5-3 (Groundball, 56, EV 108.1 MPH)
|
|
Batting: RHB Kevin McKasson
|
0-0: Swinging Strike 0-1: Called Strike 0-2: Ball 1-2: Fly out, F9 (Line Drive, 89D, EV 91.2 MPH)
|
| Bottom of the 2nd over - 0 runs, 0 hits, 0 errors, 1 left on base; Great Lakes 2 - Hartford 1 |
| TOP OF THE 3RD |
|
Great Lakes Loons batting - Pitching for Hartford Yard Goats : LHP Jared Lummus
|
|
Batting: SHB Todd Hewitt
|
0-0: Foul Ball, location: 2F 0-1: Called Strike 0-2: Ball 1-2: Strikes out swinging
|
|
Batting: RHB Blake Beale
|
0-0: Ball 1-0: Ball 2-0: Foul Ball, location: 2F 2-1: Swinging Strike 2-2: Ball 3-2: Fly out, F9 (Flyball, 89M, EV 91.2 MPH)
|
|
Batting: RHB Mario Gonzales
|
0-0: Foul Ball, location: 2F 0-1: Ball 1-1: Ground out 1-3 (Groundball, 15S, EV 67.5 MPH)
|
| Top of the 3rd over - 0 runs, 0 hits, 0 errors, 0 left on base; Great Lakes 2 - Hartford 1 |
| BOTTOM OF THE 3RD |
|
Hartford Yard Goats batting - Pitching for Great Lakes Loons : RHP Justin Gasper
|
|
Batting: RHB Ryan Rinaldi
|
0-0: Swinging Strike 0-1: SINGLE (Line Drive, 56D, EV 98.1 MPH)
|
|
Batting: LHB Roy Riess
|
0-0: Ball 1-0: Ball 2-0: Called Strike 2-1: Ball 3-1: Fielders Choice at 2nd, 6-4 (Groundball, 56, EV 88.1 MPH)
|
|
Batting: LHB Chris Salim
|
0-0: Foul Ball, location: 2F 0-1: Ball 1-1: Ball 2-1: Ball 3-1: Base on Balls Roy Riess to second
|
|
Batting: RHB Henry Alvizo
|
0-0: Ball 1-0: Ball 2-0: Called Strike 2-1: Swinging Strike 2-2: Fly out, F8 (Flyball, 89M, EV 87.5 MPH)
|
|
Batting: SHB Morgan Batson
|
0-0: Swinging Strike 0-1: Foul Ball, location: 2F 0-2: Ball 1-2: Foul Ball, location: 2F 1-2: Fly out, F3 (Popup, 3SF, EV 73.1 MPH)
|
| Bottom of the 3rd over - 0 runs, 1 hit, 0 errors, 2 left on base; Great Lakes 2 - Hartford 1 |
| TOP OF THE 4TH |
|
Great Lakes Loons batting - Pitching for Hartford Yard Goats : LHP Jared Lummus
|
|
Batting: LHB Stephen Van Raalte
|
0-0: Called Strike 0-1: Ball 1-1: Foul Ball, location: 2F 1-2: Ground out U3 (Groundball, 34S, EV 90.0 MPH)
|
|
Batting: RHB Ryan Alban
|
0-0: Swinging Strike 0-1: Ball 1-1: DOUBLE (Flyball, 89XD, EV 89.4 MPH)
|
|
Batting: RHB Devon Fourcade
|
0-0: Hit by Pitch
|
|
Batting: RHB Roger Simmons
|
0-0: Swinging Strike 0-1: Ball 1-1: Ball 2-1: Fly out, F8 (Flyball, 8LM, EV 79.4 MPH)
|
|
Batting: RHB Theo Schepers
|
0-0: Ball 1-0: Ball 2-0: Swinging Strike 2-1: Called Strike 2-2: Strikes out swinging
|
| Top of the 4th over - 0 runs, 1 hit, 0 errors, 2 left on base; Great Lakes 2 - Hartford 1 |
| BOTTOM OF THE 4TH |
|
Hartford Yard Goats batting - Pitching for Great Lakes Loons : RHP Justin Gasper
|
|
Batting: RHB Bobby Gulsby
|
0-0: Foul Ball, location: 2F 0-1: Ball 1-1: Ball 2-1: Foul Ball, location: 2F 2-2: Foul Ball, location: 2F 2-2: Strikes out swinging
|
|
Batting: RHB Elias Urbina
|
0-0: Ground out 4-3 (Groundball, 4S, EV 67.5 MPH)
|
|
Batting: RHB Mike Manchester
|
0-0: Called Strike 0-1: Called Strike 0-2: Strikes out swinging
|
| Bottom of the 4th over - 0 runs, 0 hits, 0 errors, 0 left on base; Great Lakes 2 - Hartford 1 |
| TOP OF THE 5TH |
|
Great Lakes Loons batting - Pitching for Hartford Yard Goats : LHP Jared Lummus
|
|
Batting: LHB Jay Fenderson
|
0-0: Called Strike 0-1: Swinging Strike 0-2: Foul Ball, location: 2F 0-2: Strikes out swinging
|
|
Batting: SHB Todd Hewitt
|
0-0: Called Strike 0-1: TRIPLE (Line Drive, 78XD, EV 110.6 MPH)
|
|
Batting: RHB Blake Beale
|
0-0: Ground out 6-3 (Groundball, 6M, EV 100.6 MPH) Todd Hewitt scores
|
|
Batting: RHB Mario Gonzales
|
0-0: Called Strike 0-1: Called Strike 0-2: Strikes out swinging
|
| Top of the 5th over - 1 run, 1 hit, 0 errors, 0 left on base; Great Lakes 3 - Hartford 1 |
| BOTTOM OF THE 5TH |
|
Hartford Yard Goats batting - Pitching for Great Lakes Loons : RHP Justin Gasper
|
|
Batting: RHB Kevin McKasson
|
0-0: Swinging Strike 0-1: Ground out 6-3 (Groundball, 6, EV 80.6 MPH)
|
|
Batting: RHB Ryan Rinaldi
|
0-0: Ball 1-0: Called Strike 1-1: Called Strike 1-2: Foul Ball, location: 2F 1-2: Strikes out looking
|
|
Batting: LHB Roy Riess
|
0-0: Foul Ball, location: 2F 0-1: Ground out 3-1 (Groundball, 34, EV 110.0 MPH)
|
| Bottom of the 5th over - 0 runs, 0 hits, 0 errors, 0 left on base; Great Lakes 3 - Hartford 1 |
| TOP OF THE 6TH |
|
Great Lakes Loons batting - Pitching for Hartford Yard Goats : LHP Jared Lummus
|
|
Batting: LHB Stephen Van Raalte
|
0-0: Called Strike 0-1: Ball 1-1: Foul Ball, location: 2F 1-2: Ball 2-2: Ball 3-2: Foul Ball, location: 2F 3-2: Base on Balls
|
|
Pitching: RHP Mike Clark
|
|
|
Batting: RHB Ryan Alban
|
0-0: Called Strike 0-1: Ball 1-1: Fielders Choice at 2nd, 1-6 (Groundball, 13S, EV 65.6 MPH)
|
|
Batting: RHB Devon Fourcade
|
0-0: Ball 1-0: Ball 2-0: Called Strike 2-1: Foul Ball, location: 2F 2-2: Ball 3-2: Foul Ball, location: 2F 3-2: Foul Ball, location: 2F 3-2: Base on Balls Ryan Alban to second
|
|
Batting: RHB Roger Simmons
|
0-0: Swinging Strike 0-1: Swinging Strike 0-2: Strikes out looking
|
|
Batting: RHB Theo Schepers
|
0-0: Ball 1-0: Called Strike 1-1: Ground out 5-3 (Groundball, 56, EV 106.9 MPH)
|
| Top of the 6th over - 0 runs, 0 hits, 0 errors, 2 left on base; Great Lakes 3 - Hartford 1 |
| BOTTOM OF THE 6TH |
|
Hartford Yard Goats batting - Pitching for Great Lakes Loons : RHP Justin Gasper
|
|
Batting: LHB Chris Salim
|
0-0: Ball 1-0: Called Strike 1-1: Ball 2-1: Called Strike 2-2: SOLO HOME RUN (Line Drive, 9D, EV 106.2 MPH), Distance : 381 ft
|
|
Batting: RHB Henry Alvizo
|
0-0: Ball 1-0: Ball 2-0: Called Strike 2-1: Ball 3-1: Foul Ball, location: 2F 3-2: SINGLE (Groundball, 56, EV 106.2 MPH) (infield hit)
|
|
Batting: SHB Morgan Batson
|
0-0: Called Strike 0-1: Ball 1-1: Swinging Strike 1-2: Ball 2-2: Foul Ball, location: 2F 2-2: Strikes out swinging
|
|
Batting: RHB Bobby Gulsby
|
0-0: Hit by Pitch Henry Alvizo to second
|
|
Batting: RHB Elias Urbina
|
0-0: Ball 1-0: Ball 2-0: Ball 3-0: Called Strike 3-1: Base on Balls Henry Alvizo to third Bobby Gulsby to second
|
|
Batting: RHB Mike Manchester
|
0-0: Ball 1-0: Grounds into double play, 6-2-3 (Groundball, 6, EV 88.1 MPH)
|
| Bottom of the 6th over - 1 run, 2 hits, 0 errors, 2 left on base; Great Lakes 3 - Hartford 2 |
| TOP OF THE 7TH |
|
Great Lakes Loons batting - Pitching for Hartford Yard Goats : RHP Mike Clark
|
|
Pitching: LHP Ruben Nunez
|
|
|
Batting: LHB Jay Fenderson
|
0-0: Ball 1-0: Ball 2-0: Called Strike 2-1: Foul Ball, location: 2F 2-2: Foul Ball, location: 2F 2-2: Foul Ball, location: 2F 2-2: Foul Ball, location: 2F 2-2: Foul Ball, location: 2F 2-2: Foul Ball, location: 2F 2-2: Ground out 6-3 (Groundball, 6, EV 78.1 MPH)
|
|
Pitching: RHP Mitch Guerrero
|
|
|
Batting: SHB Todd Hewitt
|
0-0: Foul Ball, location: 2F 0-1: Ball 1-1: Foul Ball, location: 2F 1-2: Foul Ball, location: 2F 1-2: Ball 2-2: Strikes out swinging
|
|
Batting: RHB Blake Beale
|
0-0: Called Strike 0-1: Swinging Strike 0-2: Ball 1-2: Strikes out swinging
|
| Top of the 7th over - 0 runs, 0 hits, 0 errors, 0 left on base; Great Lakes 3 - Hartford 2 |
| BOTTOM OF THE 7TH |
|
Hartford Yard Goats batting - Pitching for Great Lakes Loons : RHP Justin Gasper
|
|
Pitching: RHP Bob Thompson
|
|
|
Now at 2B: Roberto Monzon
|
|
|
Now in LF: Enrique Andrade
|
|
|
Batting: RHB Kevin McKasson
|
0-0: Ball 1-0: Foul Ball, location: 2F 1-1: Ball 2-1: SINGLE (Line Drive, 7S, EV 95.6 MPH)
|
|
Batting: RHB Ryan Rinaldi
|
0-0: Swinging Strike 0-1: Swinging Strike 0-2: Ball 1-2: Foul Ball, location: 2F 1-2: SINGLE (Line Drive, 8LS, EV 91.9 MPH) Kevin McKasson to second Runner from 2nd tries for 3rd, SAFE, throw by CF made to third
|
|
Batting: LHB Roy Riess
|
0-0: Called Strike 0-1: Ball 1-1: Ball 2-1: Foul Ball, location: 2F 2-2: Fly out, F7 (Flyball, 78M, EV 90.6 MPH)
|
|
Pitching: LHP Dave Burridge
|
|
|
Batting: LHB Chris Salim
|
0-0: Swinging Strike 0-1: Ball 1-1: Called Strike 1-2: Ball 2-2: SINGLE (Groundball, 34D, EV 106.9 MPH) Kevin McKasson scores Ryan Rinaldi to second Runner from 2nd tries for 3rd, SAFE, throw by RF made to third
|
|
Pitching: RHP Steve Mintz
|
|
|
Batting: RHB Henry Alvizo
|
0-0: Foul Ball, location: 2F 0-1: Called Strike 0-2: Hit by Pitch Chris Salim to second
|
|
Batting: SHB Morgan Batson
|
0-0: Swinging Strike 0-1: Ball 1-1: Ball 2-1: DOUBLE (Groundball, 3L, EV 106.2 MPH) Ryan Rinaldi scores Chris Salim scores Henry Alvizo to third
|
|
Batting: RHB Bobby Gulsby
|
0-0: Ball 1-0: SINGLE (Line Drive, 7S, EV 91.2 MPH) Henry Alvizo scores Morgan Batson to third
|
|
Batting: RHB Elias Urbina
|
0-0: Ball 1-0: SINGLE (Groundball, 4D, EV 107.5 MPH) Morgan Batson scores Bobby Gulsby to second Runner from 2nd tries for 3rd, SAFE, throw by RF made to third
|
|
Batting: RHB Mike Manchester
|
0-0: Ball 1-0: Called Strike 1-1: Ball 2-1: Called Strike 2-2: Foul Ball, location: 2F 2-2: Ball 3-2: Foul Ball, location: 2F 3-2: Strikes out looking Elias Urbina steals 2nd, throwing error, E2 Bobby Gulsby scores Elias Urbina to third
|
|
Batting: RHB Kevin McKasson
|
0-0: Ball 1-0: Called Strike 1-1: Ground out U3 (Groundball, 13, EV 83.1 MPH)
|
| Bottom of the 7th over - 6 runs, 6 hits, 1 error, 1 left on base; Great Lakes 3 - Hartford 8 |
| TOP OF THE 8TH |
|
Great Lakes Loons batting - Pitching for Hartford Yard Goats : RHP Mitch Guerrero
|
|
Batting: RHB Mario Gonzales
|
0-0: Swinging Strike 0-1: Ball 1-1: Ball 2-1: Ball 3-1: Base on Balls
|
|
Batting: LHB Stephen Van Raalte
|
0-0: Called Strike 0-1: Foul Ball, location: 2F 0-2: Ball 1-2: Hit by Pitch Mario Gonzales to second
|
|
Batting: RHB Ryan Alban
|
0-0: Called Strike 0-1: Foul Ball, location: 2F 0-2: Grounds into double play, 6-4-3 (Groundball, 6, EV 76.9 MPH) Mario Gonzales to third
|
|
Pinch Hitting: LHB Kevin Wiebe
|
0-0: Ball 1-0: Foul Ball, location: 2F 1-1: Swinging Strike 1-2: Ball 2-2: Ball 3-2: Strikes out swinging
|
| Top of the 8th over - 0 runs, 0 hits, 0 errors, 1 left on base; Great Lakes 3 - Hartford 8 |
| BOTTOM OF THE 8TH |
|
Hartford Yard Goats batting - Pitching for Great Lakes Loons : RHP Steve Mintz
|
|
Now at 3B: Luis Grajeda
|
|
|
Batting: RHB Ryan Rinaldi
|
0-0: Called Strike 0-1: Foul Ball, location: 2F 0-2: Ball 1-2: Strikes out swinging
|
|
Batting: LHB Roy Riess
|
0-0: Ball 1-0: Ball 2-0: Foul Ball, location: 2F 2-1: Foul Ball, location: 2F 2-2: Foul Ball, location: 2F 2-2: Foul Ball, location: 2F 2-2: Strikes out swinging
|
|
Batting: LHB Chris Salim
|
0-0: Foul Ball, location: 2F 0-1: Called Strike 0-2: Hit by Pitch
|
|
Batting: RHB Henry Alvizo
|
0-0: Swinging Strike 0-1: Ball 1-1: Ball 2-1: SINGLE (Flyball, 7LS, EV 84.4 MPH) Chris Salim to second
|
|
Batting: SHB Morgan Batson
|
0-0: Called Strike 0-1: Ball 1-1: Ball 2-1: Ball 3-1: Foul Ball, location: 2F 3-2: Foul Ball, location: 2F 3-2: Strikes out swinging
|
| Bottom of the 8th over - 0 runs, 1 hit, 0 errors, 2 left on base; Great Lakes 3 - Hartford 8 |
| TOP OF THE 9TH |
|
Great Lakes Loons batting - Pitching for Hartford Yard Goats : RHP Mitch Guerrero
|
|
Batting: RHB Roger Simmons
|
0-0: Ball 1-0: SINGLE (Groundball, 34D, EV 96.9 MPH)
|
|
Batting: LHB Enrique Andrade
|
0-0: Foul Ball, location: 2F 0-1: Foul Ball, location: 2F 0-2: Strikes out looking
|
|
Batting: LHB Jay Fenderson
|
0-0: Called Strike 0-1: Called Strike 0-2: Ball 1-2: Ball 2-2: Ball 3-2: Base on Balls Roger Simmons to second
|
|
Pitching: RHP Luis Castillo
|
|
|
Batting: SHB Todd Hewitt
|
0-0: 3-RUN HOME RUN (Flyball, 9LD, EV 95.0 MPH), Distance : 349 ft
|
|
Pitching: RHP Jim Butler
|
|
|
Now at 2B: Henry Alvizo
|
|
|
Now at SS: Eric Zacher
|
|
|
Now in RF: Eddie Gonzalez
|
|
|
Pinch Hitting: LHB Antonio Fierros
|
0-0: Ground out 6-3 (Groundball, 6, EV 92.5 MPH)
|
|
Batting: RHB Mario Gonzales
|
0-0: Foul Ball, location: 2F 0-1: Foul Ball, location: 2F 0-2: Ball 1-2: Strikes out swinging
|
| Top of the 9th over - 3 runs, 2 hits, 0 errors, 0 left on base; Great Lakes 6 - Hartford 8 |
|